Map: New Repugnancy LE

Players

Flare - Winner!

  • Race: Zerg Zerg
  • League: Diamond
  • Spawn Location: 1:00

Jagours

  • Race: Terran Terran
  • League: Diamond
  • Spawn Location: 7:00

VOD

Have the link to the VOD?

Description

Time

  • Played on: April 21, 2019, 3:50 a.m.
  • Length: 16:20
Show
View Real Time Build Order
Export as new Build Order

Flare Zerg - Winner!

Build Orders: Pool First 

Get SALT Encoding   

  12  0:01  Drone  
  13  0:13  Overlord  
  13  0:17  Drone  
  14  0:31  Drone x2  
  14  0:33  Extractor  
  14  0:35  Drone  
  16  0:49  Spawning Pool  
  15  0:52  Drone  
  16  0:57  Drone  
  17  1:07  Drone  
  18  1:27  Hatchery  
  17  1:35  Metabolic Boost  
  17  1:38  Zergling x2  
  18  1:42  Zergling x2  
  18  1:46  Zergling x2  
  20  1:54  Overlord  
  20  2:04  Queen  
  22  2:13  Zergling x4  
  24  2:30  Drone  
  25  2:39  Queen  
  26  2:57  Drone x5  
  31  3:00  Lair  
  31  3:08  Drone  
  31  3:11  Drone x2  
  33  3:30  Drone x2  
  33  3:31  Overlord  
  35  3:45  Overlord  
  35  3:50  Drone x6  
  35  3:51  Drone  
  42  3:59  Queen  
  42  4:00  Extractor  
  43  4:04  Overlord  
  43  4:07  Queen  
  45  4:11  Infestation Pit  
  44  4:27  Evolution Chamber  
  44  4:28  Evolution Chamber  
  44  4:30  Roach Warren  
  41  4:33  Overlord  
  41  4:54  Drone, Spine Crawler  
  41  4:55  Drone x4  
  41  4:57  Hive  
  41  4:59  Zerg Ground Armor Level 1  
  45  5:02  Queen  
  47  5:14  Drone x5  
  50  5:44  Queen  
  50  5:49  Zergling x6  
  55  5:50  Overlord x2  
  55  5:54  Overlord  
  55  6:17  Overlord  
  55  6:18  Zergling x2, Ultralisk Cavern  
  55  6:19  Queen, Zergling x8  
  55  6:25  Zergling x2  
  62  6:29  Queen  
  62  6:31  Overlord x2  
  64  6:53  Zergling x2  
  64  6:54  Zergling x6  
  68  6:55  Queen  
  68  7:00  Baneling Nest  
  69  7:04  Queen  
  69  7:06  Chitinous Plating, Ultralisk  
  77  7:11  Zergling x6  
  77  7:15  Extractor  
  77  7:37  Zergling x2  
  77  7:38  Zergling x14  
  77  7:43  Queen x2  
  89  7:54  Zergling x4  
  91  8:04  Zerg Ground Armor Level 2  
  91  8:06  Zergling x2  
  91  8:07  Zergling x2  
  93  8:19  Queen  
  95  8:20  Zergling x2  
  95  8:21  Zergling x4  
  95  8:25  Hatchery, Anabolic Synthesis  
  95  8:27  Baneling x5  
  97  8:40  Zergling x2  
  80  8:48  Zergling x2  
  80  8:49  Zergling x6  
  77  8:56  Zergling x2  
  77  9:00  Zergling x2  
  77  9:01  Zergling x2  
  80  9:15  Zergling x2  
  81  9:21  Baneling  
  81  9:22  Baneling x10  
  81  9:23  Zergling x2  
  82  9:28  Zergling x4  
  84  9:32  Zergling x2  
  80  9:56  Drone x7  
  86  10:08  Drone x7  
  86  10:13  Spore Crawler  
  92  10:20  Hatchery  
  91  10:36  Extractor  
  91  10:42  Extractor  
  83  10:56  Hatchery  
  82  10:57  Baneling x5  
  82  10:58  Baneling x10  
  82  11:01  Overlord x2  
  82  11:06  Centrifical Hooks  
  82  11:08  Zerg Melee Weapons Level 1  
  82  11:12  Evolution Chamber  
  82  11:13  Extractor  
  82  11:15  Extractor, Overlord x3  
  82  11:16  Drone x8, Spire  
  86  11:37  Zergling x2  
  86  11:38  Zergling x6  
  90  11:40  Zerg Ground Armor Level 3  
  90  11:42  Adrenal Glands  
  90  11:52  Queen  
  90  11:53  Queen x3  
  98  12:10  Drone  
  98  12:11  Drone x9  
  108  12:42  Greater Spire  
  108  12:47  Drone x9  
  108  12:50  Baneling  
  108  12:51  Baneling x4  
  117  12:52  Zergling x2  
  117  12:53  Zergling x16  
  126  13:08  Corruptor x3  
  126  13:09  Corruptor x2  
  136  13:14  Zerg Melee Weapons Level 2  
  136  13:18  Burrow  
  129  13:41  Corruptor x2  
  129  13:42  Corruptor  
  76  14:27  Ultralisk  
  76  14:28  Ultralisk x6  
  118  14:35  Brood Lord  
  118  14:36  Brood Lord  
  122  14:44  Drone x4  
  126  15:00  Drone x7  
  133  15:17  Baneling  
  133  15:18  Baneling x11  
  115  15:59  Drone x5, Spire  
Show
View Real Time Build Order
Export as new Build Order

Jagours Terran 

Build Orders: Gas First Reaper Expand 

Get SALT Encoding   

  12  0:01  SCV  
  13  0:13  SCV  
  14  0:21  Supply Depot  
  14  0:25  SCV  
  14  0:28  Refinery  
  15  0:43  SCV  
  15  0:46  Barracks  
  16  0:55  SCV  
  17  1:07  SCV  
  18  1:19  SCV  
  19  1:35  Reaper, Orbital Command  
  20  1:45  Command Center  
  20  1:58  Factory  
  20  2:01  SCV  
  21  2:04  Refinery  
  21  2:08  Barracks Reactor  
  21  2:14  Supply Depot  
  21  2:19  SCV  
  22  2:31  SCV  
  23  2:43  SCV  
  23  2:54  Hellion x2  
  23  2:56  Barracks Tech Lab  
  22  3:15  Hellion  
  22  3:16  Hellion  
  26  3:25  Marine  
  26  3:26  Stimpack  
  27  3:29  SCV  
  28  3:37  Hellion  
  30  3:44  SCV  
  30  3:47  Command Center  
  31  3:54  Supply Depot  
  31  4:16  Hellion x2, SCV, Marine  
  37  4:28  SCV  
  38  4:31  Supply Depot  
  38  4:32  Supply Depot  
  38  4:40  SCV  
  39  4:47  Barracks  
  39  4:49  Factory Tech Lab  
  39  5:00  Orbital Command  
  39  5:01  SCV  
  40  5:10  Siege Tank  
  43  5:17  Marauder  
  41  5:44  Marine x2, Marauder  
  41  5:45  Siege Tank  
  41  5:47  SCV  
  49  5:52  SCV  
  49  5:54  Supply Depot x2  
  50  6:05  Combat Shield, Marauder  
  50  6:06  Marine x2  
  50  6:09  SCV  
  50  6:10  SCV  
  56  6:21  SCV  
  56  6:22  SCV  
  56  6:25  Supply Depot  
  58  6:30  Supply Depot  
  58  6:33  SCV  
  58  6:34  SCV  
  58  6:36  Supply Depot  
  60  6:45  SCV  
  60  6:46  SCV  
  62  6:53  Marine x2  
  64  6:54  Siege Tank, Marauder  
  64  6:57  SCV, Supply Depot  
  64  6:58  SCV  
  71  7:09  SCV  
  71  7:10  SCV  
  71  7:13  Marine x2  
  75  7:18  Marauder  
  75  7:21  SCV  
  78  7:22  Starport  
  78  7:23  SCV  
  78  7:25  Barracks  
  78  7:26  Siege Tank  
  74  7:31  Engineering Bay  
  74  7:33  Refinery, SCV  
  74  7:34  Refinery  
  74  7:35  SCV  
  76  7:46  SCV  
  76  7:47  SCV  
  78  7:54  Command Center  
  78  7:58  SCV  
  79  8:01  SCV  
  79  8:05  Marine x2, Marauder  
  84  8:06  Starport Reactor  
  84  8:08  Siege Tank  
  87  8:13  Barracks Reactor  
  87  8:14  Concussive Shells  
  87  8:21  SCV  
  74  8:41  Marine x2, Marauder  
  66  8:56  Marine x2  
  66  8:57  Siege Tank  
  66  8:59  Barracks, Marine x2  
  72  9:03  Supply Depot, Marauder  
  72  9:09  Liberator, Orbital Command  
  74  9:14  Marine x2  
  59  9:19  Marine x2  
  59  9:24  Marauder  
  64  9:31  Marine  
  64  9:32  Marine  
  64  9:37  Barracks, Marine x2  
  68  9:39  Barracks  
  68  9:42  Barracks  
  68  9:46  Marauder  
  68  9:49  Marine x2  
  72  9:56  SCV  
  72  9:57  Siege Tank  
  76  10:05  Marine  
  77  10:14  Orbital Command  
  77  10:40  Marine  
  76  10:45  Marauder  
  77  10:52  SCV  
  77  10:55  Orbital Command  
  76  11:16  Supply Depot x2  
  76  11:18  Supply Depot x2  
  76  11:24  Marine  
  77  11:30  Terran Infantry Weapons Level 1  
  77  11:31  Marine x6  
  77  11:32  Medivac x2, Marauder  
  85  11:33  Siege Tank  
  92  11:42  Refinery, Marine  
  93  11:49  Marine x2  
  93  11:53  Marauder  
  97  11:54  Marine x3  
  97  11:55  Marine  
  97  12:00  Marine  
  102  12:02  SCV  
  102  12:03  SCV x2  
  102  12:07  Marine  
  106  12:14  Marauder  
  107  12:36  Marauder  
  109  12:45  Supply Depot  
  109  12:48  Supply Depot  
  109  12:49  Supply Depot  
  109  12:50  Supply Depot  
  109  12:52  Supply Depot  
  109  12:53  Marine x7  
  109  12:57  Marauder  
  118  13:01  Supply Depot  
  118  13:08  Supply Depot x2  
  118  13:10  Marine  
  119  13:14  Medivac x2  
  119  13:15  Marine x4  
  119  13:18  Marauder  
  128  13:40  Marauder  
  130  13:44  Medivac x2  
  123  13:53  Marine x4  
  116  13:56  Marine  
  116  13:57  Marine x2  
  116  14:01  Marauder  
  118  14:11  Marine x4  
  118  14:13  Terran Infantry Armor Level 1  
  118  14:14  Marine x2  
  118  14:15  Marine  
  123  14:23  Marauder  
  108  14:28  Marine  
  108  14:29  Marine x3  
  105  14:32  Marine  
  104  14:44  Marauder  
  103  14:54  Marine x6  
  103  14:57  Medivac x2  
  113  15:05  Marauder  
  115  15:11  Marine  
  115  15:12  Marine  
  113  15:21  Marine  
  113  15:22  Marine x3  
  113  15:27  Marauder  
  119  15:29  Marine x2  
  121  15:42  Marine x4  
  114  15:47  Marine x2  
  114  15:48  Marauder  
Tags
 
Add a new tag
Caveats
  • Supply blocks, unpowered buildings, or Contaminate may cause inaccurate times.
  • Supply counts are checked every 10 seconds.